 Dungeon Sprint DCSS version 0.30-a0-860-g512cf1e979 (webtiles) character file.

Game seed: 3715058650109238535

17 BigDaddyOpFi the Trooper (level 2, 0/23 HPs)
             Began as an Octopode Fighter on Mar 7, 2023.
             Was an Initiate of Qazlal.
             Slain by a slime creature (19 damage)
             ... in the Dungeon (Sprint V: "Ziggurat Sprint").
             The game lasted 00:01:11 (106 turns).

BigDaddyOpFi the Trooper (Octopode Fighter)          Turns: 106, Time: 00:01:11

Health: 0/23       AC:  1    Str: 27    XL:     2   Next: 62%
Magic:  2/2        EV: 10    Int: 22    God:    Qazlal [......]
Gold:   0          SH: 29    Dex: 23    Spells: 1/1 levels left

rFire   . . .      SeeInvis .    D - +6 shillelagh "Devastator" {shatter}
rCold   . . .      Faith    .    m - +18 shield of the Gong {Loud rN+ Will+ rCorr EV-5}
rNeg    + . .      Spirit   .    (helmet restricted)
rPois   .          Reflect  .    E - amulet of regeneration
rElec   .          Rampage  .    u - ring of flight
rCorr   +          NoTele   +    v - +6 ring of dexterity
Will    +....                    w - +6 ring of dexterity
Stlth   +++                      x - +6 ring of intelligence
HPRegen 1.03/turn                y - +6 ring of intelligence
MPRegen 0.08/turn                z - +6 ring of strength
                                 A - +6 ring of strength
                                 (no ring)

@: flying
A: almost no armour, amphibious, 8 rings, camouflage 1, gelatinous body 1,
(nimble swimmer 1), tentacles
a: Renounce Religion


You were in the Dungeon.
You worshipped Qazlal.
Qazlal was noncommittal.
You visited 1 branch

Inventory:

Hand Weapons
 a - a +0 war axe
 D - the +6 shillelagh "Devastator" (weapon) {shatter}
   (You found it in the Dungeon)
Armour
 b - a +0 buckler
 m - the +18 shield of the Gong (worn) {Loud rN+ Will+ rCorr EV-5}
   (You found it in the Dungeon)

   Loud:      It is deafeningly noisy when blocking attacks.
   EV:        It affects your evasion (-5).
   rN:        It protects you from negative energy.
   rCorr:     It protects you from acid and corrosion.
   Will:      It increases your willpower.
 C - a +3 tower shield
Jewellery
 u - a ring of flight (left tentacle)
 v - a +6 ring of dexterity (right tentacle)
 w - a +6 ring of dexterity (on tentacle)
 x - a +6 ring of intelligence (on tentacle)
 y - a +6 ring of intelligence (on tentacle)
 z - a +6 ring of strength (on tentacle)
 A - a +6 ring of strength (on tentacle)
 E - an amulet of regeneration (around mantle)
Wands
 r - a wand of mindburst (7)
 s - a wand of iceblast (7)
 t - a wand of light (7)
Scrolls
 i - 4 scrolls of blinking
 n - 4 scrolls of amnesia
 o - 7 scrolls of fog
 p - 5 scrolls of identify
 q - 2 scrolls of fear
Potions
 c - 6 potions of might
 d - 10 potions of curing
 e - 10 potions of heal wounds
 f - 6 potions of haste
 g - 7 potions of magic
 h - 3 potions of berserk rage
 j - 2 potions of brilliance
 k - 2 potions of invisibility
 l - 4 potions of resistance
Miscellaneous
 B - a lightning rod (4/4)


   Skills:
 + Level 4.8 Fighting
 - Level 4.1 Axes
 + Level 0.5(2.6) Maces & Flails
 + Level 4.8 Dodging
 + Level 4.8 Shields
 * Level 1.2 Invocations


You had one spell level left.
You didn't know any spells.
Your spell library contained the following spells:

 Spells                   Type           Power      Damage    Failure   Level
 Slow                     Hex            0%         N/A       43%         1
 Confusing Touch          Hex            0%         N/A       82%         3
 Vampiric Draining        Necr           0%         2d6       82%         3


Dungeon Overview and Level Annotations

Branches:
Dungeon (1/1)

Altars:
Ashenzari
Cheibriados
Dithmenos
Elyvilon
Fedhas
Gozag
Hepliaklqana
Kikubaaqudgha
Makhleb
Nemelex Xobeh
Okawaru
Qazlal
Ru
Sif Muna
Trog
Uskayaw
Vehumet
Wu Jian
Xom
Yredelemnul
Zin
The Shining One
Jiyva
Lugonu

Annotations:
D 1 transporter


Innate Abilities, Weirdness & Mutations

You cannot wear most types of armour.
You are amphibious.
You can wear up to eight rings at the same time.
Your skin changes colour to match your surroundings (Stealth+).
Your rubbery body absorbs attacks. (AC +1, EV +1)
((You are camouflaged when in or above water. (Stealth+)))
You have tentacles for arms and can constrict up to eight enemies at once.


Message History

GONNNNG!
The jelly quivers. x2
You sock the slime creature!
The slime creature shudders.
The slime creature is moderately wounded. x2
You block the slime creature's attack.
SHROANNG!
You block the slime creature's attack.
BOUMMMMG!
You sock the slime creature!
The slime creature and the jellies shudder.
The slime creature is heavily wounded.
The jelly is heavily wounded.
The jelly is moderately wounded.
The slime creature is heavily wounded.
You block the slime creature's attack.
SHROANNG!
The jelly hits you.
You are splashed with acid.
You resist. You block the jelly's attack.
GONNNNG!
You hit the slime creature but do no damage.
The slime creature is heavily wounded.
You block the slime creature's attack.
PANG!
You block the jelly's attack.
BONNNG!
You block the jelly's attack.
PANG!
You sock the slime creature!
The slime creature and the jellies shudder.
The slime creature is severely wounded.
The jelly is almost dead.
The jelly is heavily wounded.
You squeeze the slime creature.
The slime creature is severely wounded.
The slime creature hits you. You block the jelly's attack.
GONNNNG!
You block the jelly's attack.
GONNNNG!
The slime creature hits you!!
Ouch! That really hurt!
You die...

▓▓▓▓▓▓▓▓▓▓▓▓▓
▓.8©8.▓.8©8.▓
▓.:|).▓.....▓
▓.....▓.....▓
▓.JJJ.▓.....▓
▓..@..▓.....▓
▓.....▓..©..▓
▓..©..▓▓▓▓▓▓▓
▓▓▓▓▓▓▓


You could see a slime creature and 2 jellies.

Vanquished Creatures
  An adder (D)
  A ball python (D)
2 creatures vanquished.

Notes
Turn   | Place    | Note
-------+----------+-------------------------------------------
     0 | D        | BigDaddyOpFi the Octopode Fighter began the quest for the
                  | Orb.
     0 | D        | Reached XP level 1. HP: 16/16 MP: 1/1
     0 | D        | Found a shimmering blue altar of Sif Muna.
     0 | D        | Found a bloodstained altar of Trog.
     0 | D        | Found a sacrificial altar of Ru.
     0 | D        | Found a stormy altar of Qazlal.
     0 | D        | Found an iron altar of Okawaru.
     1 | D        | Found a sparkling altar of Nemelex Xobeh.
     1 | D        | Found a blossoming altar of Fedhas.
     1 | D        | Found the +6 Majin-Bo {spellvamp, MP+6 Int+6}
     1 | D        | Found the +27 heavy crossbow "Sniper" {heavy, Acc+∞ SInv}
     1 | D        | Found the +10 dark maul {heavy}
     1 | D        | Found the +15 Maxwell's patent armour {-Cast -Tele rElec
                  | Will+ rCorr}
     1 | D        | Found the +18 shield of the Gong {Loud rN+ Will+ rCorr
                  | EV-5}
     1 | D        | Found the +16 obsidian axe {drain, demonic, Mesm Drain Fly
                  | SInv}
     1 | D        | Found the +7 great mace "Firestarter" {flame, inner flame,
                  | rFlCloud rF++}
     1 | D        | Found the +6 shillelagh "Devastator" {shatter}
     1 | D        | Found the +11 plutonium sword {Contam Stlth-}
     1 | D        | Found the +8 lance "Wyrmbane" {slay drac, rPois rF+ rC+
                  | AC+3}
     1 | D        | Found the +9 sword of Zonguldrok {reap}
     1 | D        | Found the +13 scythe of Curses {drain, curses, Drain}
     1 | D        | Found the +9 sword of Power {lifebolt}
     1 | D        | Found the +7 mace of Variability {chaos, chain chaos}
     1 | D        | Found the +11 Singing Sword {sonic wave}
     1 | D        | Found the +8 storm bow {elec, penet}
     3 | D        | Found a transporter.
     3 | D        | Found an ancient bone altar of Kikubaaqudgha.
     3 | D        | Found a viscous altar of Jiyva.
     3 | D        | Found a corrupted altar of Lugonu.
     3 | D        | Found a hazy altar of Hepliaklqana.
     3 | D        | Found a burning altar of Makhleb.
     3 | D        | Found an opulent altar of Gozag.
    35 | D        | Became a worshipper of Qazlal Stormbringer
    45 | D        | Reached XP level 2. HP: 23/23 MP: 2/2
    79 | D        | Entered arena 2.
    79 | D        | Found a transporter.
    82 | D        | Reached skill level 1 in Invocations
   100 | D        | Entered arena 3.
   100 | D        | Noticed a slime creature
   100 | D        | Found a transporter.
   106 | D        | Slain by a slime creature

Illustrated notes

Levels and vault maps discovered:
D:        sprint_v [room_start, room_1, room_2, room_3, room_4, room_5, room_6,
          room_7, room_8, room_9, room_10, room_11, room_12, room_13, room_14,
          room_15, room_16, room_17, room_18, room_19, room_20, room_21,
          room_22, room_23, room_24, room_25, room_26, room_27]

Skill      XL: |  1  2 |
---------------+-------+-----
Fighting       | 4 |  4.8
Axes           | 4 |  4.1
Dodging        | 4 |  4.8
Shields        | 4 |  4.8
Invocations    | 1 |  1.2
Maces & Flails | |  0.5

Action                     || total
---------------------------++-------
  Melee: Shillelagh        ||     6
         Tentacles         ||     2
         Constrict         ||     1
    Use: Potion            ||     1
 Armour: Skin              ||     1
  Dodge: Dodged            ||     1
  Block: Kite shield       ||    15

Table legend: (Time is in decaauts)
 A = Elapsed time spent in this place.
 B = Non-inter-level travel time spent in this place.
 C = Inter-level travel time spent in this place.
 D = Time resting spent in this place.
 E = Time spent auto-exploring this place.
 F = Levels seen in this place.
 G = Mean time per level.
                   A        B        C        D        E       F      G
               +--------+--------+--------+--------+--------+-----+--------+
         Total |    103 |    103 |      0 |      0 |      0 |   1 |  103.0 |
       Dungeon |    103 |    103 |      0 |      0 |      0 |   1 |  103.0 |
               +--------+--------+--------+--------+--------+-----+--------+

Top non-repeatable levels by time:
       D: 103 daAuts
